 Dungeon Crawl Stone Soup version 0.26-a0-658-gbdda728c12 (webtiles) character file.

Game seed: 18426217418400216327

375899 zzzzzzzz the Brawler (level 21, -18/172 HPs)
             Began as a Troll Monk on Oct 5, 2020.
             Was a High Priest of Qazlal.
             Demolished by a two-headed ogre
             ... wielding a +0 dire flail
              (28 damage)
             ... while paralysed by a lich
             ... on level 3 of the Vaults.
             The game lasted 03:33:33 (44541 turns).

zzzzzzzz the Brawler (Troll Monk)                  Turns: 44541, Time: 03:33:33

Health: -18/172    AC: -9    Str: 34      XL:     21   Next: 44%
Magic:  0/36       EV:  1    Int:  9 (10) God:    Qazlal [*****.]
Gold:   4459       SH:  0    Dex: 23      Spells: 20/20 levels left

rFire    . . .     SeeInvis +     - Unarmed
rCold    . . .     Faith    .   x - +3 tower shield
rNeg     + . .     Spirit   +   b - +3 storm dragon scales {Bai Suzhen}
rPois    .         Reflect  .   U - +2 hat
rElec    +         Harm     .   J - +2 cloak
rCorr    .         Rampage  .   (gloves unavailable)
MR       +....     Rnd*Rage +   (boots unavailable)
Stlth    ..........             c - amulet of guardian spirit
HPRegen  0.78/turn              I - ring "Amamut" {rN+ MP+9 Str+3}
MPRegen  0.25/turn              W - ring "Vublerid" {Str+6 Dex+4 SInv}

@: paralysed, lethally poisoned (-18 -> -58), corroded, lightly drained, repel
missiles
A: large, unfitting armour, claws 3, fangs 1, berserk 1, blurry vision 1, clever
2, deformed body, deterioration 1, frail 2, regeneration 1, shaggy fur 1, tough
skin 3, subdued magic 1
}: 3/15 runes: decaying, serpentine, slimy
a: Upheaval, Elemental Force, Disaster Area, Renounce Religion


You were on level 3 of the Vaults.
You worshipped Qazlal.
Qazlal was extremely pleased with you.
You visited 8 branches of the dungeon, and saw 40 of its levels.
You visited the Abyss 1 time.
You also visited: Ossuary and Ice Cave.

You collected 4459 gold pieces.

Inventory:

Missiles
 f - 78 poisoned darts (quivered)
 t - 38 curare-tipped darts
 X - 13 datura-tipped darts
 Z - 4 atropa-tipped darts
Armour
 b - +3 storm dragon scales (worn) {Bai Suzhen}
 n - +0 fire dragon scales
 w - +0 swamp dragon scales
 x - a +3 tower shield (worn)
 J - a +2 cloak (worn)
 Q - the +5 ice dragon scales "Orua" {rF- rC++ Str+4}
   (You found it on level 5 of the Pits of Slime)

   It affects your strength (+4).
   It makes you vulnerable to fire.
   It greatly protects you from cold.
 U - a +2 hat (worn)
Jewellery
 a - an uncursed ring of poison resistance
 c - an amulet of guardian spirit (around neck)
 i - a +4 ring of evasion
 m - a +4 ring of protection
 p - an uncursed ring of resist corrosion
 y - an uncursed ring of protection from fire
 I - the ring "Amamut" (left claw) {rN+ MP+9 Str+3}
   (You found it on level 2 of the Snake Pit)

   [ring of positive energy]

   It affects your strength (+3).
   It protects you from negative energy.
   It affects your magic capacity (+9).
 N - a +4 ring of protection
 O - an uncursed ring of flight
 W - the ring "Vublerid" (right claw) {Str+6 Dex+4 SInv}
   (You acquired it on level 2 of the Swamp)

   [ring of strength]

   It affects your strength (+6).
   It affects your dexterity (+4).
   It lets you see invisible.
Wands
 d - a wand of random effects (29)
 B - a wand of flame (19)
 G - a wand of acid (11)
 L - a wand of iceblast (18)
 M - a wand of paralysis (17)
 S - a wand of polymorph (7)
Scrolls
 g - 10 scrolls of immolation
 q - 8 scrolls of teleportation
 v - 10 scrolls of remove curse
 z - a scroll of blinking
 A - 5 scrolls of magic mapping
 F - 3 scrolls of fear
 K - 23 scrolls of identify
 R - a scroll of holy word
 V - 3 scrolls of fog
Potions
 e - 5 potions of curing
 h - 4 potions of brilliance
 j - 6 potions of might
 k - a potion of invisibility
 l - 3 potions of magic
 o - 4 potions of haste
 r - 8 potions of flight
 s - a potion of cancellation
 u - 9 potions of lignification
 C - 14 potions of ambrosia
 D - 2 potions of resistance
 E - a potion of heal wounds
Miscellaneous
 H - a phantom mirror
 P - a condenser vane (2/2)
 T - a box of beasts (3/3)


   Skills:
 + Level 14.4(13.8) Fighting
 + Level 12.1(11.5) Armour
 + Level 14.5(13.9) Dodging
 - Level 3.0(2.6) Stealth
 + Level 14.9(14.3) Shields
 + Level 16.8(16.1) Unarmed Combat
 + Level 9.7(9.1) Invocations
 + Level 7.9(7.4) Evocations


You had 20 spell levels left.
You didn't know any spells.
Your spell library contained the following spells:

 Spells                   Type           Power        Failure   Level
 Animate Skeleton         Necr           #.....       80%         1
 Apportation              Tloc           #.....       80%         1
 Beastly Appendage        Tmut           #.....       80%         1
 Corona                   Hex            #......      80%         1
 Magic Dart               Conj           #...         80%         1
 Sandblast                Erth           #.....       80%         1
 Shock                    Conj/Air       #...         80%         1
 Summon Small Mammal      Summ           #...         80%         1
 Corpse Rot               Necr/Air       N/A          90%         2
 Passwall                 Tmut/Erth      #.......     90%         2
 Searing Ray              Conj           #.....       90%         2
 Sublimation of Blood     Necr           #.........   90%         2
 Swiftness                Air            #.......     90%         2
 Wereblood                Tmut           #.......     90%         2
 Confusing Touch          Hex            #.......     99%         3
 Dazzling Flash           Conj/Hex       #.....       99%         3
 Gell's Gravitas          Tloc           #.........   99%         3
 Lesser Beckoning         Tloc           #.........   99%         3
 Spider Form              Tmut/Pois      #.........   99%         3
 Static Discharge         Conj/Air       #.......     99%         3
 Stone Arrow              Conj/Erth      #.....       99%         3
 Tukima's Dance           Hex            #.......     99%         3
 Airstrike                Air            #.........   100%        4
 Dispel Undead            Necr           #.......     100%        4
 Fulminant Prism          Conj/Hex       #.........   100%        4
 Ice Form                 Ice/Tmut       #.......     100%        4
 Iskenderun's Mystic Bla  Conj/Tloc      #.......     100%        4
 Petrify                  Tmut/Erth      #.......     100%        4
 Summon Lightning Spire   Summ/Air       #.......     100%        4
 Agony                    Necr           #.......     100%        5
 Alistair's Intoxication  Tmut/Pois      #........    100%        5
 Blade Hands              Tmut           #.........   100%        5
 Excruciating Wounds      Necr           #.........   100%        5
 Lee's Rapid Deconstruct  Erth           #.........   100%        5
 Lightning Bolt           Conj/Air       #.........   100%        5
 Metabolic Englaciation   Hex/Ice        #.........   100%        5
 Silence                  Hex/Air        #.........   100%        5
 Yara's Violent Unravell  Hex/Tmut       #.........   100%        5
 Conjure Ball Lightning   Conj/Air       #.........   100%        6
 Invisibility             Hex            #.......     100%        6
 Statue Form              Tmut/Erth      #........    100%        6
 Ignition                 Fire           #.........   100%        8
 Shatter                  Erth           #.........   100%        9
 Tornado                  Air            #.........   100%        9


Dungeon Overview and Level Annotations

Branches:
Dungeon (15/15)            Temple (0/1) D:6            Lair (6/6) D:10
  Swamp (4/4) Lair:2        Snake (4/4) Lair:2        Slime (5/5) Lair:6
    Orc (2/2) D:11            Elf (1/3) Orc:2        Vaults (3/5) D:14
 Depths (0/5) D:15        Ossuary (visited)           IceCv (visited)
  Crypt: Vaults:2-3

Altars:
Ashenzari
Cheibriados
Dithmenos
Elyvilon
Fedhas
Gozag
Qazlal
Sif Muna
Uskayaw
Vehumet
Wu Jian
Zin
The Shining One
Beogh

Shops:
D:6 *   D:14 *   Orc:2 :=:*   Vaults:1 *   Vaults:2 }

Annotations:
Lair:5 exclusion: oklob plant


Innate Abilities, Weirdness & Mutations

You are too large for most types of armour.
You have claws for hands.
Your natural rate of healing is unusually fast.
You are covered in fur. (AC +1)
You have extremely tough skin. (AC +3)
You have very sharp teeth.
You tend to lose your temper in combat.
Scrolls take you a little longer to read.
Your mind is very acute. (Int +4)
Armour fits poorly on your strangely shaped body.
Your body sometimes deteriorates upon taking damage.
You are very frail. (-20% HP)
Your spells are a little easier to cast, but a little less powerful.


Message History

You feel drained.
The two-headed ogre hits you with a +0 dire flail!
The two-headed ogre hits you with a +0 giant spiked club!
You feel very sick. The redback bites you!
* * * LOW HITPOINT WARNING * * *
The lich touches you!
* * * LOW HITPOINT WARNING * * *
You partially resist.
You feel drained.
* * * LOW HITPOINT WARNING * * *
You feel very sick. The redback bites you!
* * * LOW HITPOINT WARNING * * *
The lich touches you.
* * * LOW HITPOINT WARNING * * *
You partially resist.
You feel drained.
The two-headed ogre hits you with a +0 dire flail!
* * * LOW HITPOINT WARNING * * *
The two-headed ogre hits you with a +0 giant spiked club!!
You die...

#......... #........
#.......#############
#.......#.#<#...#.#.#
#.......##)#[#.#.#.##
#.......#.#.#[#.#.#.+
#.......##.#.#.#.#.##
#......§§.#.#.#[#.#.#
#....○O@#..#.#.#.#..#
#.....Ls#.#.#.#.#.#.#
#.....ss##.#.#.#.#.##
#......p#.#.#.#(#.#.#
#....)O.##.#.#.#(#.##
#......B#.#.#...#(#.#
#.....O.#########'###
#.......#
.....pop......
#.......#
######p.######


You could see a lich (fast), a vault guard, an entropy weaver, 2 two-headed
ogres, an ogre mage (invisible) and 3 redbacks.

Vanquished Creatures
  the Royal Jelly (Slime:5)
  Saint Roka (Orc:1)
  Bai Suzhen (Swamp:2)
  Nikola (Snake:2)
  Rupert (Lair:5)
  A tentacled monstrosity (Swamp:1)
  25 acid blobs
  Agnes (D:15)
  Kirke (Snake:3)
  Donald (Orc:1)
  2 thorn hunters
  2 storm dragons
  A tengu reaver (Vaults:3)
  Roxanne (Swamp:4)
  8 nagarajas
  17 azure jellies
  Louise (D:14)
  2 frost giants
  7 vault wardens
  A deep elf sorcerer (Vaults:2)
  2 ghouls (Swamp:2)
  A very ugly thing (Swamp:3)
  5 ironheart preservers
  4 stone giants
  Nessos (Lair:5)
  14 death oozes
  Snorg (Orc:1)
  Josephine (D:13)
  2 ettins (Vaults:1)
  8 boulder beetles
  6 great orbs of eyes
  2 yaktaur captains
  7 fire dragons
  3 vault guards (Vaults:2)
  2 rakshasas (Vaults:1)
  6 ogre magi
  28 hydras
  14 anacondas
  2 ice dragons
  12 naga warriors
  8 centaur warriors
  2 shambling mangroves
  A death knight (Vaults:2)
  Erica (D:10)
  27 two-headed ogres
  2 death yaks
  5 alligators
  A deep troll earth mage (Vaults:3)
  3 hell hogs (Abyss:2)
  A deep troll shaman (Vaults:3)
  A dancing weapon (Orc:2)
  2 tengu warriors (D:15)
  A vampire mage (D:15)
  10 naga sharpshooters
  Sonja (Orc:1)
  6 shock serpents
  A deep elf knight (Vaults:1)
  A thrashing horror (Abyss:2)
  A titan skeleton (D:15)
  2 shadow wraiths
  A fire crab (Swamp:3)
  5 skeletal warriors
  An unseen horror (shapeshifter) (D:15)
  A death drake (shapeshifter) (Vaults:1)
  3 spriggan druids
  7 salamander mystics
  2 sea snakes (Snake:1)
  A glowing orange brain (Slime:4)
  2 deep trolls (Vaults:3)
  2 wizards
  7 unseen horrors
  An obsidian statue (D:10)
  2 deep elf archers
  9 swamp dragons
  8 lindwurms
  A flayed ghost (D:11)
  2 lindwurms (shapeshifter) (D:14)
  5 naga ritualists
  10 orc knights
  7 ironbrand convokers
  2 mana vipers (shapeshifter) (Vaults:2)
  Pikel (D:4)
  2 phantasmal warriors
  14 deep elf magi
  A necromancer (D:15)
  A stone giant zombie (D:15)
  9 mana vipers
  4 wolf spiders
  7 shining eyes
  8 cyclopes
  2 orc sorcerers (Orc:1)
  21 ugly things
  4 manticores
  10 salamanders
  A worldbinder (Abyss:2)
  24 elephants
  8 guardian serpents
  An elephant (shapeshifter) (D:12)
  An ice statue (IceCv)
  10 vault sentinels
  4 eyes of devastation (Slime:4)
  A smoke demon (Abyss:2)
  3 molten gargoyles (Lair:6)
  A torpor snail (Lair:5)
  21 black mambas
  A guardian serpent (shapeshifter) (Vaults:1)
  22 naga magi
  A yaktaur zombie (D:15)
  21 cane toads
  3 gargoyles
  A redback zombie (D:14)
  4 rime drakes
  A komodo dragon (shapeshifter) (Vaults:2)
  4 kobold demonologists (D:14)
  A spriggan skeleton (D:15)
  14 komodo dragons
  3 freezing wraiths
  A guardian mummy (D:15)
  An efreet (D:12)
  8 yaktaurs
  A yaktaur (shapeshifter) (D:12)
  3 ancient zymes (Abyss:2)
  A queen bee (D:9)
  A polar bear (shapeshifter) (D:14)
  8 trolls
  2 trolls (shapeshifter) (D:14)
  A raiju (Abyss:2)
  Grinder (D:3)
  94 slime creatures
  6 tyrant leeches
  20 polar bears
  9 blink frogs
  3 large abominations (Abyss:2)
  9 hornets
  5 bog bodies
  A dream sheep (shapeshifter) (Vaults:1)
  14 dream sheep
  An air elemental (Elf:1)
  3 vampires
  12 spriggans
  8 shadows
  102 yaks
  Sigmund (D:3)
  7 wyverns
  8 wraiths
  3 hogs (Snake:3)
  A human (shapeshifter) (D:14)
  9 basilisks
  2 fire bats (Swamp:4)
  10 golden eyes
  6 vampire mosquitoes
  A yaktaur simulacrum (Vaults:2)
  4 steam dragons
  16 swamp worms
  Edmund (D:4)
  A soldier ant (D:14)
  2 acid dragons
  4 wargs
  12 insubstantial wisps
  39 nagas
  22 water moccasins
  3 hell hounds (Lair:6)
  30 orc warriors
  14 swamp drakes
  8 eyes of draining
  4 ice beasts
  A small abomination (Abyss:2)
  3 black bears
  7 necrophages
  An eye of draining (shapeshifter) (Vaults:1)
  5 sky beasts
  44 wolves
  16 centaurs
  34 ogres
  6 big kobolds
  7 elf zombies (Ossuary)
  14 bullfrogs
  A wyvern zombie (D:14)
  A water moccasin zombie (D:9)
  29 killer bees
  5 scorpions
  9 wights
  4 electric eels
  3 howler monkeys
  6 jellies
  A crimson imp (Abyss:2)
  3 bullfrog zombies (D:9)
  5 lava snakes (Lair:6)
  A human simulacrum (Vaults:1)
  3 quasits
  2 bullfrog skeletons
  18 orc priests
  8 centaur zombies
  5 hounds
  2 human zombies (Ossuary)
  8 centaur skeletons
  23 orc wizards
  5 iguanas
  8 worker ants
  Natasha (twice) (D:3)
  A killer bee zombie (D:5)
  2 hound skeletons
  A howler monkey zombie (D:11)
  6 mummies
  2 worker ant zombies
  Robin (D:3)
  10 gnolls
  13 adders
  A shadow imp (D:8)
  14 white imps
  6 ufetubi
  5 oozes
  An adder zombie (D:9)
  3 adder skeletons
  2 worms (D:2)
  4 dart slugs
  3 leopard geckos
  103 orcs
  10 giant cockroaches
  13 goblins
  14 hobgoblins
  6 jackals
  35 kobolds
  5 quokkas
  4 ball pythons
  10 bats
  3 frilled lizards
  A jackal zombie (D:6)
  A leopard gecko skeleton (D:7)
  13 rats
1694 creatures vanquished.

Vanquished Creatures (collateral kills)
  Jorgrun (D:13)
1 creature vanquished.

Vanquished Creatures (others)
  A death yak (IceCv)
  An alligator (Swamp:1)
  A spriggan (Swamp:4)
  An unseen horror (D:14)
  2 elephants (Lair:6)
  2 black mambas
  A naga mage (Snake:2)
  A cane toad (Lair:6)
  A hornet (Swamp:4)
  A polar bear (IceCv)
  2 slime creatures
  2 yaks (IceCv)
  A wyvern (D:12)
  3 humans (Snake:4)
  A golden eye (Slime:3)
  2 swamp drakes (Swamp:4)
  An eye of draining (D:12)
  3 wolves (IceCv)
  2 wights (D:12)
  A quasit (Abyss:2)
  An orc (Orc:2)
  2 bushes
  35 fungi
  91 plants
  22 withered plants
181 creatures vanquished.

Grand Total: 1876 creatures vanquished

Notes
Turn   | Place    | Note
-------+----------+-------------------------------------------
     0 | D:1      | zzzzzzzz the Troll Monk began the quest for the Orb.
     0 | D:1      | Reached XP level 1. HP: 22/22 MP: 0/0
   117 | D:1      | Reached XP level 2. HP: 24/29 MP: 1/1
   141 | D:1      | You fall into a shaft and drop 1 floor!
   331 | D:1      | Reached XP level 3. HP: 34/36 MP: 2/2
  1097 | D:2      | Found a shadowy altar of Dithmenos.
  1168 | D:2      | You fall into a shaft and drop 1 floor!
  1173 | D:3      | Noticed Grinder
  1189 | D:3      | Killed Grinder
  1189 | D:3      | Reached skill level 4 in Unarmed Combat
  1189 | D:3      | Reached XP level 4. HP: 41/45 MP: 0/3
  1189 | D:3      | Reached XP level 5. HP: 48/53 MP: 0/4
  1190 | D:3      | Found a stormy altar of Qazlal.
  1248 | D:3      | Reached XP level 6. HP: 60/61 MP: 5/5
  1879 | D:3      | Noticed Natasha
  1881 | D:3      | Noticed Robin
  1900 | D:3      | Killed Natasha
  1909 | D:3      | Noticed Sigmund
  1921 | D:3      | Killed Robin
  1930 | D:3      | Killed Sigmund
  1930 | D:3      | Reached XP level 7. HP: 54/68 MP: 2/6
  1975 | D:3      | Found a white marble altar of Elyvilon.
  1985 | D:3      | Noticed Natasha
  1994 | D:3      | Killed Natasha
  2134 | D:3      | Gained mutation: You are partially covered in molten
                  | scales. (AC +2) [potion of mutation]
  2134 | D:3      | Gained mutation: You are covered in thick fur. (AC +2)
                  | [potion of mutation]
  2146 | D:3      | Reached skill level 5 in Unarmed Combat
  2312 | D:4      | Found a glowing golden altar of the Shining One.
  2358 | D:4      | Found a sand-covered staircase.
  2376 | Ossuary  | Entered an ossuary
  2492 | Ossuary  | Reached XP level 8. HP: 79/79 MP: 7/7
  2614 | Ossuary  | Reached skill level 5 in Fighting
  2614 | Ossuary  | Reached skill level 6 in Unarmed Combat
  2671 | D:4      | Noticed Edmund
  2695 | D:4      | Killed Edmund
  2695 | D:4      | Reached skill level 5 in Dodging
  2933 | D:4      | Noticed Pikel
  2958 | D:4      | Killed Pikel
  2958 | D:4      | Reached XP level 9. HP: 84/89 MP: 8/8
  2960 | D:4      | Reached skill level 7 in Unarmed Combat
  3234 | D:5      | Entered Level 5 of the Dungeon
  3844 | D:5      | Found a shimmering blue altar of Sif Muna.
  3845 | D:5      | Found a broken altar of Ashenzari.
  4013 | D:6      | Found Zin's Purification Station.
  4023 | D:6      | Found a glowing silver altar of Zin.
  4131 | D:3      | Became a worshipper of Qazlal Stormbringer
  4131 | D:3      | Reached * piety under Qazlal
  4131 | D:3      | Reached ** piety under Qazlal
  4446 | D:6      | Reached skill level 8 in Unarmed Combat
  4453 | D:6      | Found a staircase to the Ecumenical Temple.
  5273 | D:7      | Found an ornate altar of the Wu Jian Council.
  5407 | D:8      | Found a snail-covered altar of Cheibriados.
  5520 | D:8      | Noticed a two-headed ogre
  5528 | D:8      | Killed a two-headed ogre
  5528 | D:8      | Reached XP level 10. HP: 70/102 MP: 9/9
  5626 | D:8      | Reached *** piety under Qazlal
  5839 | D:8      | Found a hide-covered altar of Uskayaw.
  6410 | D:8      | Noticed a two-headed ogre
  6418 | D:8      | Killed a two-headed ogre
  6418 | D:8      | Reached skill level 9 in Unarmed Combat
  6702 | D:9      | Found a radiant altar of Vehumet.
  6827 | D:9      | Reached skill level 1 in Shields
  7020 | D:9      | Reached **** piety under Qazlal
  7165 | D:9      | Reached XP level 11. HP: 93/112 MP: 10/10
  7204 | D:9      | Reached skill level 10 in Unarmed Combat
  7877 | D:10     | Entered Level 10 of the Dungeon
  7909 | D:10     | Lost mutation: You are partially covered in molten scales.
                  | (AC +2) [potion of mutation]
  7909 | D:10     | Lost mutation: You are covered in thick fur. (AC +2)
                  | [potion of mutation]
  7909 | D:10     | Gained mutation: Your flesh is cold resistant. (rC+)
                  | [potion of mutation]
  7909 | D:10     | Gained mutation: You have a pair of small horns on your
                  | head. [potion of mutation]
  7909 | D:10     | Gained mutation: Scrolls take you a little longer to read.
                  | [potion of mutation]
  7909 | D:10     | Gained mutation: You have a pair of horns on your head.
                  | [potion of mutation]
  7910 | D:10     | Lost mutation: Scrolls take you a little longer to read.
                  | [potion of mutation]
  7910 | D:10     | Lost mutation: You have a pair of horns on your head.
                  | [potion of mutation]
  7910 | D:10     | Gained mutation: Your mind is acute. (Int +2) [potion of
                  | mutation]
  7910 | D:10     | Gained mutation: You expend magic power (3 MP) to
                  | strengthen your wands. [potion of mutation]
  7911 | D:10     | Lost mutation: Your mind is acute. (Int +2) [potion of
                  | mutation]
  7911 | D:10     | Lost mutation: You have a pair of small horns on your head.
                  | [potion of mutation]
  7911 | D:10     | Gained mutation: You are agile. (Dex +2) [potion of
                  | mutation]
  7911 | D:10     | Gained mutation: Your spells are a little harder to cast,
                  | but a little more powerful. [potion of mutation]
  7911 | D:10     | Gained mutation: You are resistant to electric shocks.
                  | (rElec) [potion of mutation]
  7946 | D:10     | Noticed an obsidian statue
  8137 | D:10     | Identified the +6 rapier "Ukkov" {flame, rC- Str+6}
  8266 | D:10     | Noticed Erica
  8280 | D:10     | Killed Erica
  8280 | D:10     | Reached ***** piety under Qazlal
  8494 | D:10     | Found a staircase to the Lair.
  9099 | D:10     | Noticed a soul eater
  9109 | D:10     | Killed an obsidian statue
  9109 | D:10     | Reached skill level 1 in Armour
  9243 | D:11     | Noticed a two-headed ogre
  9252 | D:11     | Killed a two-headed ogre
  9505 | D:11     | Noticed a boulder beetle
  9522 | D:11     | Killed a boulder beetle
  9716 | D:11     | Reached XP level 12. HP: 24/123 MP: 3/11
 10037 | D:11     | Found a runed translucent door.
 10044 | D:11     | Noticed a stone giant
 10075 | D:11     | Reached skill level 5 in Shields
 10339 | D:11     | Found a roughly hewn altar of Beogh.
 10361 | D:11     | Found a staircase to the Orcish Mines.
 10534 | Lair:1   | Entered Level 1 of the Lair of Beasts
 10545 | Lair:1   | Reached skill level 11 in Unarmed Combat
 10560 | Lair:1   | Noticed a five-headed hydra
 10582 | Lair:1   | Killed a five-headed hydra
 11514 | Lair:2   | Reached ****** piety under Qazlal
 11791 | Lair:2   | Found a staircase to the Swamp.
 12090 | Lair:2   | Found a staircase to the Snake Pit.
 12330 | Lair:3   | Reached XP level 13. HP: 133/133 MP: 12/12
 12981 | Lair:4   | Reached skill level 10 in Dodging
 12985 | Lair:4   | Reached skill level 10 in Fighting
 13529 | Lair:4   | You fall into a shaft and drop 1 floor!
 13579 | Lair:5   | Reached skill level 5 in Armour
 13581 | Lair:5   | Noticed Nessos
 13583 | Lair:5   | Noticed Rupert
 14036 | Lair:5   | Reached skill level 12 in Unarmed Combat
 14422 | Lair:5   | Killed Rupert
 14581 | Lair:5   | Reached XP level 14. HP: 144/144 MP: 13/13
 14645 | Lair:5   | Killed Nessos
 15100 | Lair:6   | Entered Level 6 of the Lair of Beasts
 15753 | Lair:6   | Reached skill level 10 in Shields
 15982 | Lair:6   | Found a staircase to the Slime Pits.
 16337 | Lair:6   | Found a large runed translucent door.
 16390 | Lair:6   | Found a large runed translucent door.
 17283 | D:12     | Found a frozen archway.
 17305 | IceCv    | Entered an ice cave
 17339 | IceCv    | Reached skill level 13 in Unarmed Combat
 17360 | IceCv    | Reached XP level 15. HP: 143/153 MP: 11/14
 17766 | IceCv    | Noticed a frost giant
 17776 | IceCv    | Killed a frost giant
 18790 | D:13     | Noticed Jorgrun
 19137 | D:13     | Noticed Josephine
 19137 | D:13     | Killed Jorgrun
 19158 | D:13     | Killed Josephine
 19225 | D:13     | Found a roughly hewn altar of Beogh.
 19823 | D:14     | Found Gozag's Platinum Reserve.
 19824 | D:14     | Found an opulent altar of Gozag.
 20019 | D:14     | Reached XP level 16. HP: 163/165 MP: 15/15
 20266 | D:14     | Noticed Louise
 20288 | D:14     | Killed Louise
 20533 | D:14     | Found a gate to the Vaults.
 20957 | Orc:1    | Entered Level 1 of the Orcish Mines
 20970 | Orc:1    | Noticed Snorg
 20986 | Orc:1    | Killed Snorg
 20998 | Orc:1    | Noticed Sonja
 21012 | Orc:1    | Killed Sonja
 21071 | Orc:1    | You fall into a shaft and drop 1 floor!
 21071 | Orc:2    | Entered Level 2 of the Orcish Mines
 21071 | Orc:2    | Found a roughly hewn altar of Beogh.
 21077 | Orc:2    | Noticed Donald
 21335 | Orc:1    | Found a roughly hewn altar of Beogh.
 21572 | Orc:1    | Killed Donald
 21840 | Orc:1    | Reached skill level 14 in Unarmed Combat
 22050 | Orc:2    | Noticed Saint Roka
 22252 | Orc:1    | Killed Saint Roka
 22252 | Orc:1    | Reached skill level 1 in Invocations
 22398 | Orc:2    | Found a staircase to the Elven Halls.
 22571 | Orc:2    | Found Gaijorap's Jewellery Emporium.
 22571 | Orc:2    | Found Voblioj's General Store.
 22572 | Orc:2    | Found Siphus's Book Boutique.
 22572 | Orc:2    | Found Veaffe's Book Emporium.
 22979 | D:15     | Entered Level 15 of the Dungeon
 22985 | D:15     | Reached skill level 1 in Evocations
 22996 | D:15     | Noticed Agnes
 23005 | D:15     | Killed Agnes
 23279 | D:15     | Found a staircase to the Depths.
 23332 | D:15     | Noticed a storm dragon
 23346 | D:15     | Killed a storm dragon
 23443 | D:15     | Found a blossoming altar of Fedhas.
 23463 | D:15     | Reached XP level 17. HP: 172/172 MP: 17/17
 24045 | Swamp:1  | Entered Level 1 of the Swamp
 24492 | Swamp:1  | Noticed a tentacled monstrosity
 24508 | Swamp:1  | Killed a tentacled monstrosity
 25820 | Swamp:2  | Identified a scroll of acquirement
 25820 | Swamp:2  | Acquired the ring "Vublerid" {Str+6 Dex+4 SInv}
 26273 | Swamp:3  | Noticed Bai Suzhen
 26329 | Swamp:2  | Killed Bai Suzhen
 27127 | Swamp:4  | Entered Level 4 of the Swamp
 27576 | Swamp:4  | Identified Roxanne's Collected Works on Earth
 27576 | Swamp:4  | Noticed Roxanne
 28199 | Swamp:4  | Reached XP level 18. HP: 183/184 MP: 20/20
 28305 | Swamp:4  | Got a decaying rune of Zot
 29067 | Swamp:4  | Killed Roxanne
 29177 | Lair:2   | Lost mutation: You expend magic power (3 MP) to strengthen
                  | your wands. [potion of mutation]
 29177 | Lair:2   | Lost mutation: You are agile. (Dex +2) [potion of mutation]
 29177 | Lair:2   | Lost mutation: Your spells are a little harder to cast, but
                  | a little more powerful. [potion of mutation]
 29177 | Lair:2   | Gained mutation: You are agile. (Dex +2) [potion of
                  | mutation]
 29177 | Lair:2   | Gained mutation: Your flesh is very cold resistant. (rC++)
                  | [potion of mutation]
 29178 | Lair:2   | Lost mutation: Your flesh is very cold resistant. (rC++)
                  | [potion of mutation]
 29178 | Lair:2   | Lost mutation: You are agile. (Dex +2) [potion of mutation]
 29178 | Lair:2   | Lost mutation: Your flesh is cold resistant. (rC+) [potion
                  | of mutation]
 29178 | Lair:2   | Gained mutation: You are clumsy. (Dex -2) [potion of
                  | mutation]
 29178 | Lair:2   | Gained mutation: You passively map a small area around you.
                  | [potion of mutation]
 29178 | Lair:2   | Gained mutation: Your flesh is heat resistant. (rF+)
                  | [potion of mutation]
 29179 | Lair:2   | Lost mutation: You passively map a small area around you.
                  | [potion of mutation]
 29179 | Lair:2   | Lost mutation: Your flesh is heat resistant. (rF+) [potion
                  | of mutation]
 29179 | Lair:2   | Gained mutation: Your spells are a little easier to cast,
                  | but a little less powerful. [potion of mutation]
 29179 | Lair:2   | Gained mutation: Scrolls take you a little longer to read.
                  | [potion of mutation]
 29179 | Lair:2   | Lost mutation: Your spells are a little easier to cast, but
                  | a little less powerful. [potion of mutation]
 29179 | Lair:2   | Lost mutation: Scrolls take you a little longer to read.
                  | [potion of mutation]
 29180 | Lair:2   | Lost mutation: You are resistant to electric shocks.
                  | (rElec) [potion of mutation]
 29180 | Lair:2   | Lost mutation: You are clumsy. (Dex -2) [potion of
                  | mutation]
 29180 | Lair:2   | Gained mutation: You expend magic power (3 MP) to
                  | strengthen your wands. [potion of mutation]
 29180 | Lair:2   | Gained mutation: You have an increased reservoir of magic.
                  | (+10% MP) [potion of mutation]
 29181 | Lair:2   | Lost mutation: You expend magic power (3 MP) to strengthen
                  | your wands. [potion of mutation]
 29181 | Lair:2   | Gained mutation: You are resistant to electric shocks.
                  | (rElec) [potion of mutation]
 29181 | Lair:2   | Gained mutation: You possess an exceptional clarity of
                  | mind. [potion of mutation]
 29181 | Lair:2   | Gained mutation: You have very sharp teeth. [potion of
                  | mutation]
 29192 | Lair:2   | Lost mutation: You are resistant to electric shocks.
                  | (rElec) [potion of mutation]
 29192 | Lair:2   | Lost mutation: You possess an exceptional clarity of mind.
                  | [potion of mutation]
 29192 | Lair:2   | Gained mutation: You are frail. (-10% HP) [potion of
                  | mutation]
 29192 | Lair:2   | Gained mutation: You are very frail. (-20% HP) [potion of
                  | mutation]
 29192 | Lair:2   | Gained mutation: Your mind is acute. (Int +2) [potion of
                  | mutation]
 29339 | Vaults:1 | Entered Level 1 of the Vaults
 29345 | Vaults:1 | Reached skill level 5 in Invocations
 29360 | Vaults:1 | Reached skill level 15 in Unarmed Combat
 29805 | Vaults:1 | Reached skill level 10 in Armour
 30490 | Vaults:1 | Found Denwuud's General Store.
 31031 | Vaults:2 | Paralysed by a wizard for 6 turns
 31220 | Vaults:2 | Cast into level 2 of the Abyss (a deep elf sorcerer)
 31243 | Abyss:2  | Reached skill level 5 in Evocations
 31446 | Vaults:2 | Escaped the Abyss
 31831 | Vaults:2 | Reached XP level 19. HP: 153/153 MP: 25/25
 31921 | Vaults:2 | Found Goorul's Gadget Emporium.
 33219 | Elf:1    | Entered Level 1 of the Elven Halls
 33613 | Snake:1  | Entered Level 1 of the Snake Pit
 34251 | Snake:2  | Noticed Nikola
 34275 | Snake:2  | Got an ancient amber ring
 34284 | Snake:1  | Identified the ring "Amamut" {rN+ MP+9 Str+3} (You found it
                  | on level 2 of the Snake Pit)
 34337 | Snake:2  | Killed Nikola
 36413 | Snake:4  | Entered Level 4 of the Snake Pit
 36413 | Snake:4  | Noticed Kirke
 36492 | Snake:3  | Killed Kirke
 37407 | Snake:4  | Reached XP level 20. HP: 139/163 MP: 27/27
 37410 | Snake:4  | Reached skill level 16 in Unarmed Combat
 38204 | Snake:4  | Got a serpentine rune of Zot
 38832 | Slime:1  | Entered Level 1 of the Pits of Slime
 38961 | Slime:1  | Gained mutation: Your spells are a little easier to cast,
                  | but a little less powerful. [a shining eye]
 38962 | Slime:1  | Gained mutation: Scrolls take you a little longer to read.
                  | [a shining eye]
 38967 | Slime:1  | Gained mutation: Your body sometimes deteriorates upon
                  | taking damage. [a shining eye]
 39226 | Slime:2  | Gained mutation: You tend to lose your temper in combat. [a
                  | shining eye]
 39666 | Slime:3  | Gained mutation: Your mind is very acute. (Int +4) [a
                  | shining eye]
 41550 | Slime:3  | Lost mutation: You have an increased reservoir of magic.
                  | (+10% MP) [a shining eye]
 41556 | Slime:3  | Gained mutation: Armour fits poorly on your strangely
                  | shaped body. [a shining eye]
 41714 | Slime:5  | Entered Level 5 of the Pits of Slime
 41737 | Slime:5  | Reached XP level 21. HP: 121/170 MP: 9/26
 41743 | Slime:5  | Noticed the Royal Jelly
 42162 | Slime:5  | Paralysed by a great orb of eyes for 3 turns
 42284 | Slime:5  | Killed the Royal Jelly
 43183 | Slime:5  | Found the +27 Lear's hauberk
 43186 | Slime:5  | Found the +7 great mace "Firestarter" {inner flame, rF++}
 43354 | Slime:5  | Got a slimy rune of Zot
 43360 | Slime:5  | Got masterwork ice dragon scales
 43371 | Slime:5  | Identified the +5 ice dragon scales "Orua" {rF- rC++ Str+4}
                  | (You found it on level 5 of the Pits of Slime)
 44537 | Vaults:3 | Paralysed by a lich for 7 turns
 44541 | Vaults:3 | Demolished by a two-headed ogre

Illustrated notes

Levels and vault maps discovered:
D:1:      dpeg_arrival_central, layout_basic, minivault_5, minmay_nonomino_d4
D:2:      layout_loops_ring, lemuel_doored_altar
D:3:      layout_loops_cross, nicolae_qazlal_general_emergency,
          elyvilon_altar_3, uniq_natasha, uniq_sigmund, uniq_grinder, uniq_robin
D:4:      layout_loops_ring, nicolae_overflow_crystal_walls,
          nicolae_ossuary_entry_false_entrances, uniq_edmund, uniq_pikel
D:5:      layout_basic, gammafunk_temple_overflow_statue
D:6:      layout_rooms, zin_purify, minmay_temple_entry_poolview,
          chequers_serial_rivers_micro_a
D:7:      layout_basic, kennysheep_mini
D:8:      layout_layer_cave, cheibriados_altar_1, lemuel_round_altar
D:9:      layout_cave_pods, kennysheep_mini_moat, serial_undead,
          serial_undead_f, serial_undead_b, serial_undead_a, serial_undead_c,
          serial_undead_b, serial_undead_f, special_room [special_room_bee]
D:10:     layout_roguey, david_lair_shrubbed, minivault_16, uniq_erica
D:11:     layout_roguey, orc_0_dummy, special_room [special_room_orc],
          minivault_13
D:12:     layout_loops_ring, portal_ice_cave_entry_imps, minivault_12
D:13:     layout_rooms, special_room [special_room_orc], uniq_jorgrun,
          uniq_josephine
D:14:     minmay_thinvault, layout_gridville, david_vaults_4,
          nicolae_gozag_zags_fifth_avenue, minmay_mirror_moons_of_madness,
          uniq_louise
D:15:     gammafunk_depths_entry_grave, layout_loops_ring, fedhas_altar_3,
          minmay_variable_closet, minmay_three_doors, uniq_agnes
Lair:1:   layout_regular_city, serial_rivers, chequers_serial_rivers_small_3,
          chequers_serial_rivers_small_3, chequers_serial_rivers_small_b,
          chequers_serial_rivers_micro_d, chequers_serial_rivers_room_a,
          grunt_forest_small_clearings, grunt_megastairs_2
Lair:2:   layout_gridlike, minmay_swamp_entry_worms, dummy_snake_entry,
          chequers_serial_rivers_marsh, chequers_serial_rivers_small_a,
          serial_bayou_lake_a
Lair:3:   layout_chaotic_city, infiniplex_staircase_pool_2
Lair:4:   layout_roguey, serial_bayou_shore_b
Lair:5:   layout_gridlike, uniq_rupert, uniq_nessos
Lair:6:   cheibrodos_lair_end_hotspot, layout_regular_city,
          nicolae_slime_entry_slimehenge, serial_bayou_lagoon_a
Swamp:1:  cheibrodos_swamp_monstrosity, layout_basic_swamp,
          evilmike_swamp_ruin_house_5
Swamp:2:  layout_falls_marsh, evilmike_swamp_ruin_house_2, swamp_pool5,
          infiniplex_staircase_pool
Swamp:3:  layout_falls_marsh, evilmike_swamp_ruin_rubble_1,
          nicolae_swamp_rocky_clearing, st_shrine_of_shade, uniq_bai_suzhen
Swamp:4:  swamp_fiery, layout_basic_swamp, uniq_roxanne
Snake:1:  layout_onion_interference, nicolae_snake_serpentine_hallways,
          drop_trap, serial_bayou_shore_a
Snake:2:  layout_grid_maze, uniq_nikola
Snake:3:  layout_onion_interference, grunt_ministairs_7
Snake:4:  snake_pit_salamanders_mu, layout_basic, hangedman_snake_corridor_cut,
          serial_bayou_shore_b, uniq_kirke
Slime:1:  layout_caves
Slime:2:  layout_caves, cheibrodos_slime_lost_civilization_5
Slime:3:  layout_caves
Slime:4:  layout_caves
Slime:5
Orc:1:    cheibrodos_orc_arena, layout_diamond_mine, basic_altar, uniq_snorg,
          uniq_sonja
Orc:2:    st_orc_ogre_mass, layout_caves, basic_altar, uniq_saint_roka,
          uniq_donald
Elf:1:    elf_arrival_002, layout_geoelf_diagonals,
          kennysheep_underground_church, minmay_misc_feat_cross
Vaults:1: vaults_mumra_chevron_long, v_misc_9, vaults_mumra_lcd,
          dpeg_vaults_pockets_of_resistance, v_misc_13, serial_ice_h,
          v_pattern_4, nicolae_vaults_little_ls, v_misc_11,
          nicolae_vaults_little_squares_4, vaults_mumra_chevron,
          ontoclasm_vaults_spin, vaults_dpeg_encased_lava,
          nicolae_vaults_specimen_jars, layout_vaults_ring, serial_shops,
          shop_statue
Vaults:2: vaults_room_large_hall, vaults_room_stairs_pillars, v_rooms_5,
          vaults_room_pools, hangedman_vaults_nails,
          hangedman_vaults_variations, nicolae_vaults_yaktaur_gun_rack,
          v_misc_24, nicolae_vaults_little_squares_5, hangedman_vaults_slice,
          layout_vaults_omnigrid, serial_shops, shop
Vaults:3: ebering_vaults_ghost_inner_flame, hangedman_vaults_slither,
          minmay_crypt_entry_necro_gods, nicolae_vaults_border_crossing,
          v_pattern_1, nicolae_vaults_minivaults, hangedman_vaults_capsules,
          v_misc_14, v_misc_25, layout_vaults_chaotic_city, enter_trove_3,
          serial_shops, shop

Skill      XL: |  1  2  3  4  5  6  7  8  9 10 11 12 13 14 15 16 17 18 19 20 21 |
---------------+----------------------------------------------------------------+-----
Fighting       | 3 4 5 7 8 9 10 11 12 13 14 | 14.4
Dodging        | 3 4 5 7 8 9 10 11 12 13 14 | 14.5
Stealth        | 2 3 |  3.0
Unarmed Combat | 4 5 6 8 9 10 11 12 13 14 15 16 | 16.8
Shields        | 1 4 7 9 10 11 12 13 14 | 14.9
Armour         | 2 4 5 6 8 9 10 11 12 | 12.1
Invocations    | 2 4 6 7 9 |  9.7
Evocations     | 1 3 5 6 7 |  7.9

Action                   |  1- 3 |  4- 6 |  7- 9 | 10-12 | 13-15 | 16-18 | 19-21 || total
-------------------------+-------+-------+-------+-------+-------+-------+-------++-------
Melee: Unarmed           |    93 |    99 |   386 |   867 |  1439 |  1688 |  1358 ||  5930
       Punch             |       |     3 |    14 |    20 |       |       |       ||    37
       Bite              |       |       |       |       |       |   117 |   324 ||   441
Throw: Dart              |       |     1 |     9 |    16 |    14 |     4 |    14 ||    58
Invok: Upheaval          |       |       |       |       |       |     6 |     2 ||     8
       Elemental Force   |       |       |       |       |       |     2 |       ||     2
       Disaster Area     |       |       |       |       |       |       |     7 ||     7
Evoke: Wand              |       |       |       |     4 |    20 |    81 |     5 ||   110
       Box of beasts     |       |       |       |       |     1 |       |       ||     1
  Use: Scroll            |     5 |     2 |     7 |    15 |     7 |     8 |    10 ||    54
       Potion            |       |       |     2 |     4 |     1 |    12 |     6 ||    25
 Stab: Sleeping          |     2 |     1 |     6 |       |       |       |       ||     9
       Paralysed         |       |       |       |       |       |     1 |       ||     1
Armor: Robe              |    23 |    29 |   108 |   152 |   203 |       |       ||   515
       Steam dragon scal |       |       |       |       |   189 |   123 |       ||   312
       Storm dragon scal |       |       |       |       |       |   258 |   233 ||   491
       Swamp dragon scal |       |       |       |       |       |   258 |     7 ||   265
       Fire dragon scale |       |       |       |       |       |       |     4 ||     4
Dodge: Dodged            |    44 |    64 |   187 |   345 |   620 |   935 |   465 ||  2660
       Repelled          |       |       |       |     5 |     5 |    12 |    51 ||    73
Block: Other             |       |       |    14 |    75 |       |       |     5 ||    94
       Tower shield      |       |       |       |   491 |  2023 |  2748 |  1744 ||  7006

Table legend: (Time is in decaauts)
 A = Elapsed time spent in this place.
 B = Non-inter-level travel time spent in this place.
 C = Inter-level travel time spent in this place.
 D = Time resting spent in this place.
 E = Time spent auto-exploring this place.
 F = Levels seen in this place.
 G = Mean time per level.
                   A        B        C        D        E       F      G
               +--------+--------+--------+--------+--------+-----+--------+
         Total |  43949 |  40881 |   3068 |   5680 |  22202 |  43 | 1022.1 |
       Dungeon |  15014 |  13700 |   1314 |    835 |   8521 |  15 | 1000.9 |
          Lair |   6859 |   6068 |    791 |    495 |   3824 |   6 | 1143.2 |
         Swamp |   5225 |   4955 |    270 |    982 |   2521 |   4 | 1306.2 |
     Snake Pit |   5007 |   4699 |    308 |    395 |   2740 |   4 | 1251.8 |
    Slime Pits |   4893 |   4801 |     92 |   2095 |   1300 |   5 |  978.6 |
  Orcish Mines |   2212 |   2129 |     83 |    645 |    851 |   2 | 1106.0 |
   Elven Halls |     36 |     36 |      0 |      0 |      0 |   1 |   36.0 |
        Vaults |   3431 |   3224 |    207 |    231 |   1799 |   3 | 1143.7 |
         Abyss |    209 |    209 |      0 |      0 |     44 |   1 |  209.0 |
       Ossuary |    239 |    239 |      0 |      0 |    102 |   1 |  239.0 |
      Ice Cave |    819 |    819 |      0 |      0 |    498 |   1 |  819.0 |
               +--------+--------+--------+--------+--------+-----+--------+

Top non-repeatable levels by time:
 Snake:4: 2035 daAuts
 Slime:4: 1711 daAuts
 Swamp:3: 1704 daAuts
Vaults:2: 1655 daAuts
  Lair:6: 1645 daAuts
    D:11: 1620 daAuts
    D:10: 1513 daAuts
    D:14: 1430 daAuts
Vaults:1: 1403 daAuts
    D:12: 1402 daAuts
   Orc:1: 1388 daAuts
  Lair:5: 1337 daAuts
     D:9: 1258 daAuts
 Snake:3: 1197 daAuts
 Swamp:4: 1185 daAuts
